 Dungeon Crawl Stone Soup version 0.31.0-12-g77e489cdc1 (webtiles) character file.

Game seed: 2667681947735168204

17637 DildoBatman the Reanimator (level 12, -6/64 (89) HPs)
             Began as a Formicid Conjurer on Feb 23, 2024.
             Was an Initiate of Gozag.
             Mangled by a catoblepas (22 damage)
             ... on level 1 of the Lair of Beasts.
             The game lasted 01:06:28 (13385 turns).

DildoBatman the Reanimator (Formicid Conjurer)     Turns: 13385, Time: 01:06:28

HP:   -6/64 (89)    AC:  9    Str: 13    XL:     12   Next: 85%
MP:   13/22         EV: 19    Int: 24    God:    Gozag
Gold: 805           SH:  0    Dex: 16    Spells: 3/25 levels left

rFire   + . .        z - +7 dagger "Xubrio" {heavy, Int+2 Dex+4}
rCold   + . .        (no shield)
rNeg    . . .        C - +1 robe {rC+}
rPois   .            (helmet unavailable)
rElec   .            k - +0 cloak
rCorr   .            U - +2 pair of gloves
SInv    +            o - +0 pair of boots
Will    +....        m - amulet of magic regeneration
Stlth   +++          j - +5 ring of evasion
HPRegen 0.30/turn    D - ring of protection from fire
MPRegen 0.58/turn

%: no passive effects
@: very heavily drained
A: permanent stasis, dig shafts and tunnels, antennae 3, four strong arms
a: Dig, Shaft Self, Renounce Religion, Potion Petition, Call Merchant, Bribe
Branch


You were on level 1 of the Lair of Beasts.
You worshipped Gozag.
Gozag was pleased with you.
You visited 3 branches of the dungeon, and saw 12 of its levels.
You also visited: Ossuary and Bailey.

You collected 1202 gold pieces.
You spent 186 gold pieces at shops.
You paid 211 gold pieces to Gozag.

Inventory:

Hand Weapons
 c - a +0 sling
 d - a +3 halberd
 z - the +7 dagger "Xubrio" (weapon) {heavy, Int+2 Dex+4}
   (You found it on level 7 of the Dungeon)

   Int+2:     It affects your intelligence (+2).
   Dex+4:     It affects your dexterity (+4).
 W - the +3 falchion of Charmed Defence {drain, rC+ Stlth+}
   (You found it on level 8 of the Dungeon)

   rC+:       It protects you from cold.
   Stlth+:    It makes you more stealthy.
Missiles
 g - 3 curare-tipped darts
 v - 48 poisoned darts
 H - 12 boomerangs
 R - an atropa-tipped dart (quivered)
Armour
 k - a +0 cloak (worn)
 o - a +0 pair of boots (worn)
 C - a +1 robe of cold resistance (worn)
 U - a +2 pair of gloves (worn)
 V - +0 acid dragon scales
Magical Staves
 T - a staff of earth
Jewellery
 f - a ring of ice
 j - a +5 ring of evasion (left hand)
 m - an amulet of magic regeneration (around neck)
 q - an amulet of the acrobat
 D - a ring of protection from fire (right hand)
 Q - a +6 ring of strength
Wands
 e - a wand of iceblast (23)
 p - a wand of paralysis (5)
 r - a wand of light (24)
 K - a wand of flame (19)
Scrolls
 a - a scroll of acquirement {unknown}
 i - 3 scrolls of enchant armour
 l - a scroll of immolation {unknown}
 t - 2 scrolls of fog
 w - 2 scrolls of fear
 y - 3 scrolls of poison
 F - 2 scrolls of torment {unknown}
 G - 4 scrolls of enchant weapon
 L - a scroll of brand weapon {unknown}
 O - a scroll of silence {unknown}
 S - 3 scrolls of identify
 X - 2 scrolls of blinking {unknown}
Potions
 b - 4 potions of magic
 h - a potion of invisibility {unknown}
 n - 2 potions of lignification {unknown}
 s - 4 potions of curing
 u - 3 potions of heal wounds
 x - 5 potions of resistance
 A - a potion of experience {unknown}
 B - a potion of cancellation {unknown}
 E - 2 potions of enlightenment {unknown}
 I - 2 potions of attraction {unknown}
 J - a potion of haste {unknown}
 M - 5 potions of might {unknown}
 N - a potion of brilliance {unknown}
 P - 3 potions of degeneration {unknown}


   Skills:
 * Level 6.3 Fighting
 * Level 6.4 Armour
 * Level 4.4 Dodging
 - Level 4.0 Stealth
 - Level 7.0 Spellcasting
 - Level 6.0 Conjurations
 - Level 12.0 Necromancy
 - Level 12.0 Earth Magic


You had 3 spell levels left.
You knew the following spells:

 Your Spells              Type           Power      Damage    Failure   Level
a - Borgnjor's Vile Clut  Necr/Erth      30%        N/A       1%          5
b - Dispel Undead         Necr           60%        3d21      1%          4
c - Searing Ray           Conj           74%        2d7       1%          2
d - Vampiric Draining     Necr           60%        2d10      1%          3
e - Magic Dart            Conj           100%       1d8       1%          1
f - Curse of Agony        Necr           60%        N/A       1%          5
h - Cigotuvi's Dreadful   Necr/Alch/Air  54%        N/A       1%          2

Your spell library contained the following spells:

 Spells                   Type           Power      Damage    Failure   Level
 Kiss of Death            Conj/Necr      100%       2d13      1%          1
 Necrotise                Necr           100%       1d9       1%          1
 Fugue of the Fallen      Necr           60%        N/A       1%          3
 Confusing Touch          Hex            8%         N/A       22%         3
 Gell's Gravitas          Tloc           8%         N/A       22%         3
 Teleport Other           Tloc           8%         N/A       22%         3
 Anguish                  Hex/Necr       18%        N/A       6%          4
 Martyr's Knell           Necr/Summ      37%        N/A       6%          4
 Fulminant Prism          Conj/Alch      11%        3d9       21%         4
 Iskenderun's Mystic Bla  Conj/Tloc      22%        2d6       21%         4
 Fireball                 Conj/Fire      11%        3d7       50%         5
 Cause Fear               Hex            4%         N/A       56%         4
 Olgreb's Toxic Radiance  Alch           8%         N/A       56%         4
 Dispersal                Tloc           4%         N/A       100%        6
 Ozocubu's Refrigeration  Ice            4%         4d8       100%        7
 Discord                  Hex            4%         N/A       100%        8
 Dragon's Call            Summ           4%         N/A       100%        9


Dungeon Overview and Level Annotations

Branches:
Dungeon (10/15)            Temple (1/1) D:4            Lair (1/5) D:10
    Orc (0/2) D:9         Ossuary (visited)          Bailey (visited)

Altars:
Ashenzari
Cheibriados
Dithmenos
Elyvilon
Fedhas
Gozag
Hepliaklqana
Kikubaaqudgha
Makhleb
Nemelex Xobeh
Okawaru
Qazlal
Ru
Sif Muna
Trog
Uskayaw
Vehumet
Wu Jian
Xom
Yredelemnul
Zin
The Shining One

Shops:
D:1 :*(*(   D:2 [   D:7 [?=   D:10 =([


Innate Abilities, Weirdness & Mutations

You cannot be hasted, slowed, berserked, paralysed or teleported.
You can dig through walls and to a lower floor.
You have a pair of large antennae on your head. (SInv)
Your four strong arms can wield two-handed weapons with a shield.


Message History

Aiming: Borgnjor's Vile Clutch (dangerous; 1% risk of failure)
Press: ? - help, Shift-Dir - straight line, f/p - catoblepas
Aim: a catoblepas (100% to hit)
Zombie hands grab the catoblepas.
The zombie hands constrict the catoblepas.
The catoblepas roars fiercely, eyes lowered.
The catoblepas gores you!
You hit the catoblepas.
The catoblepas is lightly wounded.
The zombie hands constrict the catoblepas.
The catoblepas closely misses you.
You hit the catoblepas but do no damage.
The catoblepas is lightly wounded.
The zombie hands constrict the catoblepas.
The catoblepas breathes a plume of calcifying dust at you.
The blast of calcifying dust hits you.
The catoblepas breathes a plume of calcifying dust at you.
The blast of calcifying dust hits you!
The zombie hands constrict the catoblepas!
The catoblepas gores you!!
Casting: Borgnjor's Vile Clutch (dangerous; 1% risk of failure)
Confirm with . or Enter, or press ? or * to list all spells.
Aiming: Vampiric Draining (safe; 1% risk of failure)
Press: ? - help, Shift-Dir - straight line, f/p - catoblepas
Aim: a catoblepas (moderately wounded, constricted by zombie hands)
You draw life force from the catoblepas!
You feel life coursing into your body.
The zombie hands constrict the catoblepas.
The zombie hands release their grip on the catoblepas.
The catoblepas gores you.
Casting: Vampiric Draining (safe; 1% risk of failure)
Confirm with . or Enter, or press ? or * to list all spells.
Aiming: Borgnjor's Vile Clutch (dangerous; 1% risk of failure)
Press: ? - help, Shift-Dir - straight line, f/p - catoblepas
Aim: a catoblepas (heavily wounded, 100% to hit)
Zombie hands grab the catoblepas.
The zombie hands constrict the catoblepas.
The catoblepas gores you!!
You die...
Your body crumbles into a pile of gold.

..# #.. #..##..#
... ..# #.
###>.#######...
."##.#
#..##........ .....
......##..........
.... ....#.
#.#...#### ....
..## # #.....# ####
#.## #.....# #
#.#P######....# #
#.........@...####P
#.........Y§§§§§...
...................
#.###...#######..##
##...# ..# #...##
.. ###### #...##
##~~~## ##...###
...~~~#
##.Y...####..


You could see a catoblepas (clutched).

Vanquished Creatures
  Fannar (D:10)
  2 vault guards (Bailey)
  2 two-headed ogres (D:9)
  Amaemon (D:8)
  Pikel (D:4)
  3 elephants (Lair:1)
  Maggie (D:8)
  4 cane toads (Lair:1)
  An orange demon (D:8)
  2 komodo dragons (Lair:1)
  A troll (D:9)
  Prince Ribbit (Bailey)
  2 humans (Bailey)
  A wraith (D:10)
  12 yaks
  4 fire bats (D:9)
  A fire elemental (D:9)
  A steam dragon (D:8)
  2 vampire mosquitoes (D:10)
  A hell hound (D:9)
  2 acid dragons (D:10)
  7 orc warriors
  A black bear (D:6)
  3 ice beasts
  2 ogres
  3 sky beasts
  4 centaurs
  8 wolves (Lair:1)
  4 lemures (D:4)
  4 kobold brigands
  21 bullfrogs
  A scorpion (D:4)
  14 wights
  A burial acolyte (Ossuary)
  3 yak zombies
  A howler monkey (D:8)
  4 electric eels (D:9)
  A wolf zombie (Lair:1)
  3 bombardier beetles
  3 jellies
  2 lava snakes (D:9)
  5 hounds
  Crazy Yiuf (D:3)
  2 gnoll boudas
  6 orc priests
  An iguana (D:5)
  3 sleepcaps
  6 orc wizards (D:9)
  Ijyb (D:3)
  2 kobold zombies
  A mummy (Ossuary)
  Robin (D:2)
  7 adders
  12 gnolls
  A white imp (D:8)
  A ribbon worm (D:3)
  2 dart slugs
  53 orcs
  3 endoplasms
  8 giant cockroaches
  14 hobgoblins
  7 jackals (D:1)
  3 quokkas
  10 ball pythons
  5 bats
  6 frilled lizards
  6 gnoll skeletons (Ossuary)
  17 goblins
  27 kobolds
  8 kobold skeletons (Ossuary)
  6 orc skeletons (Ossuary)
  9 orc zombies
  5 rats
375 creatures vanquished.

Vanquished Creatures (others)
  A wolf (Lair:1)
1 creature vanquished.

Grand Total: 376 creatures vanquished

Notes
Turn   | Place    | Note
-------+----------+-------------------------------------------
     0 | D:1      | DildoBatman the Formicid Conjurer began the quest for the
                  | Orb.
     0 | D:1      | Reached XP level 1. HP: 13/13 MP: 3/3
   329 | D:1      | Reached XP level 2. HP: 20/20 MP: 0/5
   338 | D:1      | Learned a level 2 spell: Searing Ray
   461 | D:1      | Found Piweg's General Store.
   624 | D:1      | Reached XP level 3. HP: 12/25 MP: 0/6
   740 | D:1      | Found Darchanep's Assorted Antiques.
   785 | D:1      | Reached skill level 1 in Fighting
   875 | D:1      | Found Hext's Antique Weapon Shop.
  1045 | D:1      | Found Zous's Weapon Shop.
  1108 | D:1      | Found Miat's Book Emporium.
  1255 | D:2      | Reached skill level 1 in Armour
  1289 | D:2      | Reached XP level 4. HP: 30/32 MP: 2/7
  1397 | D:2      | Found Moiloink's Armour Boutique.
  2212 | D:2      | Noticed Robin
  2478 | D:1      | Bought a fizzy clear potion for 16 gold pieces
  2478 | D:1      | Bought a scroll labelled ZIKLID XELLEOMOCK for 18 gold
                  | pieces
  2505 | D:1      | Bought a scroll of identify for 22 gold pieces
  2712 | D:3      | Noticed Ijyb
  2842 | D:3      | Found a runed translucent door.
  2843 | D:3      | Noticed Crazy Yiuf
  2898 | D:3      | Found an ornate altar of the Wu Jian Council.
  2979 | D:3      | Found a faded altar of an unknown god.
  3002 | D:3      | Reached XP level 5. HP: 37/37 MP: 7/9
  3461 | D:4      | Learned a level 3 spell: Vampiric Draining
  3488 | D:4      | Reached XP level 6. HP: 25/45 MP: 0/10
  3586 | D:4      | Found a staircase to the Ecumenical Temple.
  3594 | Temple   | Entered the Ecumenical Temple
  3895 | D:4      | Noticed an ogre
  4162 | D:1      | Bought a scroll of revelation for 82 gold pieces
  4511 | D:5      | Entered Level 5 of the Dungeon
  4688 | D:5      | Found a shimmering altar of Xom.
  4709 | D:5      | Noticed an ogre
  4849 | D:6      | Noticed a black bear
  4865 | D:6      | Killed a black bear
  4866 | D:6      | Reached XP level 7. HP: 49/52 MP: 5/12
  4941 | D:6      | Found a shimmering blue altar of Sif Muna.
  4970 | D:6      | Found a stormy altar of Qazlal.
  5055 | D:6      | Found a sacrificial altar of Ru.
  5055 | D:6      | Found a shadowy altar of Dithmenos.
  5086 | D:6      | Found a sand-covered staircase.
  5091 | Ossuary  | Entered an ossuary
  5099 | Ossuary  | Learned a level 4 spell: Dispel Undead
  5403 | Ossuary  | Found an ancient bone altar of Kikubaaqudgha.
  5514 | Ossuary  | Reached skill level 5 in Conjurations
  5514 | Ossuary  | Reached XP level 8. HP: 30/60 MP: 7/14
  5567 | Ossuary  | Reached skill level 1 in Necromancy
  5604 | Ossuary  | Became a worshipper of Kikubaaqudgha
  5839 | D:2      | Killed Robin
  5959 | D:3      | Killed Ijyb
  5971 | D:3      | Found a hazy altar of Hepliaklqana.
  6271 | D:4      | Noticed Pikel
  6295 | D:4      | Killed Pikel
  6296 | D:4      | Reached skill level 5 in Fighting
  6296 | D:4      | Reached skill level 5 in Spellcasting
  6296 | D:4      | Reached XP level 9. HP: 25/68 MP: 1/16
  6345 | D:5      | Reached * piety under Kikubaaqudgha
  6345 | D:5      | Received a gift from Kikubaaqudgha
  6387 | D:5      | Reached skill level 5 in Armour
  7301 | D:7      | Reached skill level 5 in Necromancy
  7348 | D:7      | Identified the +7 dagger "Xubrio" {heavy, Int+2 Dex+4}
  7488 | D:7      | Found Zujipare's Magic Scroll Shop.
  7561 | D:7      | Reached XP level 10. HP: 74/74 MP: 16/19
  7572 | D:7      | Found Momuci's Antique Armour Shoppe.
  7640 | D:7      | Found Orghuim's Jewellery Shoppe.
  7640 | D:7      | Found a flagged portal.
  7663 | Bailey   | Entered a bailey
  7675 | Bailey   | Reached ** piety under Kikubaaqudgha
  7977 | Bailey   | Noticed a vault guard
  8024 | Bailey   | Noticed Prince Ribbit
  8065 | Bailey   | Killed a vault guard
  8141 | Bailey   | Killed Prince Ribbit
  8193 | Bailey   | Noticed a vault guard
  8207 | Bailey   | Killed a vault guard
  8208 | Bailey   | Reached skill level 10 in Necromancy
  8725 | D:3      | Killed Crazy Yiuf
  8732 | D:3      | You fall into a shaft and drop 3 floors!
  8833 | D:7      | Bought a scroll of fear for 48 gold pieces
  9103 | D:8      | Reached XP level 11. HP: 79/79 MP: 15/20
  9177 | D:8      | Noticed Amaemon
  9497 | D:8      | Noticed Maggie
  9518 | D:8      | Killed Maggie
  9605 | D:8      | Identified the +3 falchion of Charmed Defence {drain, rC+
                  | Stlth+}
  9910 | D:8      | Killed Amaemon
 10122 | D:9      | Learned a level 2 spell: Cigotuvi's Dreadful Rot
 10128 | D:9      | Learned a level 5 spell: Curse of Agony
 10148 | D:9      | Reached *** piety under Kikubaaqudgha
 10148 | D:9      | Received a gift from Kikubaaqudgha
 10177 | D:9      | Learned a level 5 spell: Borgnjor's Vile Clutch
 10218 | D:9      | Fell from the grace of Kikubaaqudgha
 10250 | D:9      | Reached skill level 1 in Earth Magic
 10539 | D:9      | Noticed a two-headed ogre
 10554 | D:9      | Killed a two-headed ogre
 10608 | D:9      | Reached skill level 5 in Earth Magic
 10875 | D:9      | Noticed a two-headed ogre
 10896 | D:9      | Killed a two-headed ogre
 11271 | D:9      | Found a staircase to the Orcish Mines.
 11448 | D:10     | Entered Level 10 of the Dungeon
 11551 | D:10     | Found Plog's Armour Shop.
 11697 | D:10     | Found an opulent altar of Gozag.
 11701 | D:10     | Became a worshipper of Gozag Ym Sagoz the Greedy
 11752 | D:10     | Noticed Fannar
 11786 | D:10     | Killed Fannar
 11787 | D:10     | Reached XP level 12. HP: 29/86 MP: 2/21
 11923 | D:10     | Found an ancient bone altar of Kikubaaqudgha.
 11926 | D:10     | Found a glowing silver altar of Zin.
 11945 | D:10     | Found a snail-covered altar of Cheibriados.
 12026 | D:10     | Found a staircase to the Lair.
 12082 | D:10     | Found Wucor's Jewellery Boutique.
 12256 | D:10     | Found Kassurud's Antique Weapon Shop.
 12421 | D:10     | Reached skill level 10 in Earth Magic
 12793 | Lair:1   | Entered Level 1 of the Lair of Beasts
 13347 | Lair:1   | Noticed a catoblepas
 13385 | Lair:1   | Mangled by a catoblepas

Illustrated notes

Levels and vault maps discovered:
D:1:      evilmike_arrival_rings, layout_basic, serial_shops,
          nicolae_shop_window_shopping, nicolae_shop_real_fake_doors, shop,
          nicolae_shop_back_alley_shop, nicolae_shop_tiny_real_fake_doors,
          nrook_mini_vaults, chequers_serial_rivers_room_b
D:2:      layout_loops_corners, serial_shops, nicolae_shop_tiny_statue_garden,
          uniq_robin
D:3:      layout_rooms, worldfamousw_hep_ancestral_shrine,
          mainiacjoe_overflow_brackets, shapermc_ecumenical_altar_totnotflames,
          minivault_5, uniq_crazy_yiuf_cottage, uniq_ijyb
D:4:      layout_basic, minmay_temple_entry_slanted, uniq_pikel
D:5:      layout_basic, lemuel_doored_altar
D:6:      layout_cave_pools, grunt_temple_overflow_open,
          nicolae_ossuary_entry_ruins
D:7:      layout_gridville, enter_bailey_2, serial_shops,
          nicolae_shop_rolling_square, nicolae_inconvenience_store, shop
D:8:      layout_gridville, nicolae_twisty_statue_hallways, uniq_amaemon,
          uniq_maggie
D:9:      layout_irregular_city, erik_orc_2, hangedman_decor_points,
          serial_bayou_ford_a, hangedman_incinerator
D:10:     layout_roguey, grunt_temple_overflow_cloverleaf, lair_entry_dummy,
          serial_shops, nicolae_lakefront_shop, shop,
          nicolae_shop_rolling_square, special_room [special_room_orc],
          evilmike_butchery, uniq_fannar
Temple:   minmay_temple_curvy_loop
Lair:1:   layout_small_grid, cheibrodos_lair_caveside_slide,
          nicolae_lair_grove_arrangements, st_stairs_7,
          grunt_forest_large_clearings, lemuel_fruit_tree

Skill      XL: |  1  2  3  4  5  6  7  8  9 10 11 12 |
---------------+-------------------------------------+-----
Dodging        | 2 3 4 |  4.4
Fighting       | 1 2 3 5 6 |  6.3
Stealth        | 3 4 |  4.0
Armour         | 1 2 3 4 5 6 |  6.4
Conjurations   | 4 5 6 |  6.0
Spellcasting   | 3 4 5 6 7 |  7.0
Necromancy     | 3 7 11 12 | 12.0
Earth Magic    | 8 12 | 12.0

Action                     |  1- 3 |  4- 6 |  7- 9 | 10-12 || total
---------------------------+-------+-------+-------+-------++-------
  Melee: Dagger            |    38 |     1 |    12 |   164 ||   215
         Quarterstaff      |       |     7 |       |       ||     7
         Hand axe          |       |       |     3 |       ||     3
         Scimitar          |       |       |     8 |       ||     8
         Punch             |       |       |       |     4 ||     4
   Fire: Sling             |       |    46 |     1 |       ||    47
  Throw: Dart              |       |     3 |       |     8 ||    11
   Cast: Magic Dart        |    48 |    91 |    35 |    96 ||   270
         Searing Ray       |     4 |    15 |    63 |    55 ||   137
         Vampiric Draining |       |       |    33 |   129 ||   162
         Dispel Undead     |       |       |     2 |    32 ||    34
         Borgnjor's Vile C |       |       |       |    21 ||    21
         Cigotuvi's Dreadf |       |       |       |     1 ||     1
 Invoke: Renounce Religion |       |       |       |     1 ||     1
Ability: Shaft Self        |       |       |       |     1 ||     1
         Dig               |       |       |       |     2 ||     2
    Use: Potion            |       |     2 |       |       ||     2
         Scroll            |       |     2 |     9 |     2 ||    13
   Stab: Sleeping          |     1 |     2 |     4 |     3 ||    10
         Distracted        |       |       |       |     1 ||     1
 Armour: Robe              |    28 |    35 |    56 |   228 ||   347
         Acid dragon scale |       |       |       |     6 ||     6
  Dodge: Dodged            |    36 |    80 |   107 |   334 ||   557
